Cogmind - Beta 10.1 @@@ ROGUE MODE // 2020.09.28 @ 19:30:15 Player: Puzzlebark Result: Destroyed by G-73 Enforcer with Heavy Laser Performance ------------- Evolutions (8) 4000 Regions Visited (33) 6600 Robots Destroyed (208) 1040 Value Destroyed (6913) 6913 Prototype IDs (47) 940 Alien Tech Used (5) 1000 Bonus (9452) 9452 TOTAL SCORE: 29945 Bonus ------- High Alert Combat Kills 186 Follower Combat Kills 2093 Entered Garrisons 200 Used RIF Installer 500 Network Hubs Disabled 200 Met Data Miner 300 Met Zhirov 300 Read Decrypted Archives 300 Found Hidden Lab 3000 Used Core Reset Matrix 3000 Friendly Fire -627 Cogmind --------- Core Integrity 0/1450 Matter 166/300 Energy 99/100 System Corruption 54% Temperature Cool (0) Movement Core (50) Location -2/Research Parts ------- > --- POWER (3) -------- (None) > --- PROPULSION (4) --- (None) > --- UTILITY (15) ----- Advanced Target Analyzer > --- WEAPON (2) ------- (None) > --- INVENTORY (4) ---- (None) Peak State ------------ > --- POWER ------------ Cooled Antimatter Reactor > --- PROPULSION ------- Improved Diametric Drive Improved Diametric Drive Improved Diametric Drive Improved Diametric Drive > --- UTILITY ---------- Experimental Power Amplifier Experimental Sensor Array Advanced Signal Interpreter Experimental Terrain Scan Processor Advanced Target Analyzer Advanced Core Analyzer Reaction Control System Improved Hacking Suite Advanced Hacking Suite Advanced Hacking Suite Advanced Hacking Suite Improved System Shield Improved System Shield > --- WEAPON ----------- Enhanced Force Lance > --- INVENTORY -------- Light Particle Reactor Transdimensional Reconstructor Heavy Gauss Cannon Enhanced Force Lance [Rating: 135] Favorites ----------- Power Micro Fission Core Engine Reinforced Ion Engine Power Core Micro Fission Core Reactor Cooled Antimatter Reactor Propulsion Light Treads Treads Light Treads Leg Myomer Leg Hover Unit Backup Propulsion III Flight Unit Xenon Bombardment Thruster Utility Hacking Suite Device Experimental Sensor Array Storage Large Storage Unit Processor Experimental Terrain Scan Processor Hackware Hacking Suite Protection Medium Armor Plating Weapon Lance Energy Gun Improved EM Shotgun Energy Cannon Beam Cannon Ballistic Gun Minigun Ballistic Cannon Assault Cannon Launcher Rocket Launcher Special Weapon Guided Remote Datajack Slashing Weapon Katana Piercing Weapon Lance Special Melee Weapon Improved Datajack Build | -11 -10 -10 -9 -9 -8 -8 -8 -7 -7 -7 -7 -7 -7 -6 -6 -6 -6 -6 -5 -5 -5 -5 -5 -5 -4 -4 -4 -4 -3 -3 -3 -3 -2 ------- Run | Scr Mat Min Mat Min Mat Gar Mat Fac Was Fac Low Low Zio Pro Fac Low Low Dat Pro Fac Ext Cet Arc Hub Fac Upp Upp Zhi Pro Res Arm Lab Res Slots Evolved 16 | . . . 2 . 2 . . 2 . . . . . . 2 . . . . 2 . . . . 2 . . . . 2 . . 2 Power 1 | . . . . . . . . . . . . . . . . . . . . . . . . . 1 . . . . . . . . Propulsion 2 | . . . . . 1 . . . . . . . . . . . . . . . . . . . 1 . . . . . . . . Utility 13 | . . . 2 . 1 . . 2 . . . . . . 2 . . . . 2 . . . . . . . . . 2 . . 2 Weapon . | . . . . . . . . . . . . . . . . . . . . . . . . . . . . . . . . . . Parts Attached 270 | 7 9 5 37 1 2 9 12 18 . 7 3 . 3 . 24 . 3 . . 5 7 5 2 4 24 5 . 5 1 34 5 9 24 Power 35 | 1 1 1 5 . . . 1 1 . 1 . . . . 3 . 1 . . 1 . . . . 5 1 . . . 7 2 . 4 Engine 12 | 1 1 1 5 . . . 1 . . 1 . . . . 2 . . . . . . . . . . . . . . . . . . Core 12 | . . . . . . . . 1 . . . . . . 1 . 1 . . 1 . . . . 5 1 . . . 2 . . . Reactor 11 | . . . . . . . . . . . . . . . . . . . . . . . . . . . . . . 5 2 . 4 Propulsion 63 | 2 3 2 7 . 1 2 2 5 . 1 2 . . . 6 . . . . 2 2 . . 1 4 . . . 1 14 1 . 5 Treads 19 | 2 3 2 6 . 1 2 2 . . . . . . . . . . . . . . . . . . . . . . . . . 1 Leg 9 | . . . . . . . . . . . . . . . . . . . . . . . . . . . . . . 5 . . 4 Wheel . | . . . . . . . . . . . . . . . . . . . . . . . . . . . . . . . . . . Hover 3 | . . . . . . . . . . . . . . . . . . . . . . . . . . . . . 1 2 . . . Flight 32 | . . . 1 . . . . 5 . 1 2 . . . 6 . . . . 2 2 . . 1 4 . . . . 7 1 . . Utility 85 | 1 3 . 7 1 . 1 4 7 . 2 1 . 1 . 9 . 2 . . 2 1 4 2 . 7 3 . 5 . 9 2 3 8 Device 30 | . 1 . . . . . . 1 . 1 1 . . . 5 . 1 . . . . 2 . . 2 1 . 4 . 4 2 . 5 Storage 5 | 1 1 . 3 . . . . . . . . . . . . . . . . . . . . . . . . . . . . . . Processor 6 | . . . . . . . . 1 . . . . . . 1 . 1 . . . . . . . 1 . . . . 2 . . . Hackware 15 | . . . . . . . . 4 . . . . . . 1 . . . . 2 1 . 2 . 1 1 . . . 1 . 1 1 Protection 29 | . 1 . 4 1 . 1 4 1 . 1 . . 1 . 2 . . . . . . 2 . . 3 1 . 1 . 2 . 2 2 Artifact . | . . . . . . . . . . . . . . . . . . . . . . . . . . . . . . . . . . Weapon 87 | 3 2 2 18 . 1 6 5 5 . 3 . . 2 . 6 . . . . . 4 1 . 3 8 1 . . . 4 . 6 7 Energy Gun 16 | 2 . . 7 . . . 1 . . . . . . . . . . . . . . . . . . . . . . . . . 6 Energy Cannon 7 | . 1 1 3 . . . . . . . . . . . . . . . . . . . . . . . . . . . . 2 . Ballistic Gun 10 | 1 1 . 4 . . 2 . 1 . . . . . . . . . . . . . . . . . . . . . . . . 1 Ballistic Cannon 4 | . . . . . . . 2 . . . . . . . . . . . . . . . . . . . . . . 2 . . . Launcher 19 | . . 1 4 . 1 1 2 1 . 1 . . 1 . 2 . . . . . 2 1 . 1 1 . . . . . . . . Special Weapon 1 | . . . . . . . . . . . . . . . . . . . . . . . . . . . . . . . . 1 . Impact Weapon . | . . . . . . . . . . . . . . . . . . . . . . . . . . . . . . . . . . Slashing Weapon 5 | . . . . . . 3 . 2 . . . . . . . . . . . . . . . . . . . . . . . . . Piercing Weapon 24 | . . . . . . . . 1 . 2 . . 1 . 3 . . . . . 2 . . 2 7 1 . . . 2 . 3 . Special Melee Weapon 1 | . . . . . . . . . . . . . . . 1 . . . . . . . . . . . . . . . . . . Unidentified Prototypes 27 | . . . 4 . . . 1 . . . . . . . 1 . . . . . . 1 . 1 . . . 4 . 4 1 7 3 Parts Lost 87 | . 1 4 11 1 . 6 4 . . . . . . . 1 . . . . 1 1 1 . 1 1 2 . . 4 11 12 . 25 Power 9 | . . . 2 . . . . . . . . . . . 1 . . . . . . . . . . . . . . 1 1 . 4 Propulsion 28 | . . 2 2 . . 3 2 . . . . . . . . . . . . . 1 1 . . 1 1 . . 3 4 4 . 4 Utility 33 | . 1 . 2 1 . 2 2 . . . . . . . . . . . . 1 . . . 1 . 1 . . 1 5 6 . 10 Weapon 17 | . . 2 5 . . 1 . . . . . . . . . . . . . . . . . . . . . . . 1 1 . 7 Highest Loss Streak 14 | . 1 4 3 1 . 5 1 . . . . . . . 1 . . . . 1 1 1 . 1 1 2 . . 2 4 11 . 14 Average Slot Usage (%) 88 | . 97 94 95 99 90 74 84 98 100 93 96 100 100 100 96 93 95 100 100 99 97 99 94 93 89 87 89 88 84 77 86 41 44 Engine 5 | . 14 14 10 11 9 9 8 . . 1 7 7 7 7 5 . . . . . . . . . . . . . . . . . . Core 2 | . . . . . . . . 6 7 5 . . . . . . 2 6 6 5 5 5 5 5 9 10 10 10 10 1 . . . Treads 9 | . 27 27 21 22 27 19 21 . . . . . . . . . . . . . . . . . . . . . . . . . 1 Flight 7 | . . . . . . . . 22 23 23 23 23 23 23 19 20 20 20 20 17 16 16 11 11 5 10 10 10 . 8 18 . . Device 9 | . 4 14 11 11 9 1 . 6 7 7 11 15 8 7 14 13 11 13 13 11 11 9 11 11 12 13 15 14 14 7 13 . 2 Storage 8 | . 18 14 21 22 18 18 18 . . . . . . . . . . . . . . . . . . . . . . . . . . Processor 6 | . . . . . . . . 6 7 7 7 7 7 7 8 13 13 13 13 11 11 11 11 11 10 10 10 10 10 10 18 13 9 Hackware 16 | . . . . . . . . 29 30 30 30 30 30 30 27 33 33 33 33 40 38 41 41 41 31 30 31 31 31 30 27 22 11 Protection 4 | . 3 . 9 10 9 9 18 7 7 5 . . 5 7 5 . . . . . . . . . . 1 . . . 2 . 1 5 Energy Gun 1 | . 9 . 6 . . . . . . . . . . . . . . . . . . . . . . . . . . . . . 1 Energy Cannon 1 | . 4 13 3 . . . . . . . . . . . . . . . . . . . . . . . . . . . . . . Ballistic Gun 3 | . 14 4 4 11 9 8 3 6 . . . . . . . . . . . . . . . . . . . . . . . . 1 Launcher 2 | . . 4 4 11 9 3 3 . 7 2 . . . . 1 . . . . . . . 5 1 . . . . . . . . . Piercing Weapon 4 | . . . . . . . . 5 7 8 15 15 14 15 9 13 13 13 13 11 10 10 5 8 9 8 10 10 10 4 3 2 1 Naked Turns . | . . . . . . . . . . . . . . . . . . . . . . . . . . . . . . . . . . Heaviest Build 62 | 10 33 34 57 55 51 54 62 42 12 17 19 19 19 19 22 8 22 22 22 22 13 18 12 18 30 30 30 30 30 36 35 16 55 Greatest Support 95 | 40 40 40 40 40 60 60 60 16 16 17 20 20 20 20 23 8 22 22 22 24 24 20 12 27 30 30 30 30 30 95 36 3 80 Greatest Overweight (x) 11 | . 1 . 2 1 1 1 1 2 . . . . . . 2 . . . . . 4 . . 1 1 . . . 9 1 11 5 2 Average Overweight (x) . | . . . . 1 . . . . . . . . . . . . . . . . . . . . . . . . 1 . . 1 . Largest Inventory Capacity 16 | 6 12 10 16 16 16 16 16 16 4 4 4 4 4 4 4 4 4 4 4 4 4 4 4 4 4 4 4 4 4 4 4 4 4 Average Capacity 8 | 5 9 10 15 16 16 16 16 4 4 4 4 4 4 4 4 4 4 4 4 4 4 4 4 4 4 4 4 4 4 4 4 4 4 Most Carried 16 | 3 12 10 16 16 16 16 16 16 4 4 4 4 4 4 4 4 4 4 4 4 4 4 4 4 4 4 3 4 4 4 4 4 3 Average Carried 7 | 1 6 8 14 15 15 14 15 4 3 3 4 4 3 4 3 4 4 4 4 3 3 4 4 3 3 3 3 3 3 2 3 3 . Final Capacity 16 | 6 10 10 16 16 16 16 16 4 4 4 4 4 4 4 4 4 4 4 4 4 4 4 4 4 4 4 4 4 4 4 4 4 4 Final Carried 16 | 3 9 9 15 15 16 15 16 4 4 4 4 4 4 4 4 4 4 4 4 4 4 4 4 4 4 3 3 4 3 4 3 3 . Class Distribution -------------------- 29% | Mutant 13% | Scavenger-Mutant 11% | Wizard-Scout 11% | Hacker-Scout 10% | Hacker-Mutant 8% | Wizard-Mutant 6% | Wizard-Ninja 4% | Wizard-Assassin 3% | Wizard-Sprinter Dominant Class ---------------- Mutant | -10/Materials Mutant | -10/Mines Scavenger-Mutant | -9/Materials Mutant | -9/Mines Scavenger-Mutant | -8/Materials Mutant | -8/Garrison Mutant | -8/Materials Hacker-Mutant | -7/Factory Hacker-Mutant | -7/Waste Hacker-Mutant | -7/Factory Hacker-Mutant | -7/Lower Caves Hacker-Mutant | -7/Lower Caves Hacker-Mutant | -7/Zion Hacker-Mutant | -6/Proximity Caves Hacker-Scout | -6/Factory Hacker-Scout | -6/Lower Caves Hacker-Scout | -6/Lower Caves Hacker-Scout | -6/Data Miner Hacker-Scout | -5/Proximity Caves Wizard-Scout | -5/Factory Wizard-Scout | -5/Extension Wizard-Scout | -5/Cetus Wizard-Scout | -5/Archives Wizard-Scout | -5/Hub_04(d) Wizard-Ninja | -4/Factory Wizard-Ninja | -4/Upper Caves Wizard-Ninja | -4/Upper Caves Wizard-Ninja | -4/Zhirov Wizard-Assassin | -3/Proximity Caves Wizard-Mutant | -3/Research Wizard-Sprinter | -3/Armory Wizard-Mutant | -3/Lab Wizard-Mutant | -2/Research Resources | -11 -10 -10 -9 -9 -8 -8 -8 -7 -7 -7 -7 -7 -7 -6 -6 -6 -6 -6 -5 -5 -5 -5 -5 -5 -4 -4 -4 -4 -3 -3 -3 -3 -2 ----------- Run | Scr Mat Min Mat Min Mat Gar Mat Fac Was Fac Low Low Zio Pro Fac Low Low Dat Pro Fac Ext Cet Arc Hub Fac Upp Upp Zhi Pro Res Arm Lab Res Matter Collected 3983 | 201 193 72 739 143 121 166 102 177 . . 38 30 48 77 257 69 86 . . 50 115 75 . 19 182 145 21 78 22 290 111 159 197 Remotely . | . . . . . . . . . . . . . . . . . . . . . . . . . . . . . . . . . . Salvage Created 8051 | . 426 309 2295 259 240 286 265 . . 31 . . . 51 71 61 66 . 21 . 204 152 99 301 249 147 . 284 101 1415 180 19 519 Parts 497 | . 33 23 147 30 25 12 31 . . 5 . . . 1 7 1 6 . . . 18 11 9 8 15 12 . 10 3 59 10 . 21 Haulers Intercepted 5 | . 2 . 3 . . . . . . . . . . . . . . . . . . . . . . . . . . . . . . Recyclers Shooed 4 | . 1 . 2 1 . . . . . . . . . . . . . . . . . . . . . . . . . . . . . Parts Field Recycled . | . . . . . . . . . . . . . . . . . . . . . . . . . . . . . . . . . . Retrieved Matter . | . . . . . . . . . . . . . . . . . . . . . . . . . . . . . . . . . . Parts Self-Destructed 30 | . . . . . . . . . . . . . . 1 . 2 7 . . . . . . . . 10 . 7 3 . . . . Prevented 1 | . . . . . . . . . . . . . . . . 1 . . . . . . . . . . . . . . . . . Kills | -11 -10 -10 -9 -9 -8 -8 -8 -7 -7 -7 -7 -7 -7 -6 -6 -6 -6 -6 -5 -5 -5 -5 -5 -5 -4 -4 -4 -4 -3 -3 -3 -3 -2 ------- Run | Scr Mat Min Mat Min Mat Gar Mat Fac Was Fac Low Low Zio Pro Fac Low Low Dat Pro Fac Ext Cet Arc Hub Fac Upp Upp Zhi Pro Res Arm Lab Res Combat Hostiles Destroyed 145 | . 8 12 48 13 6 7 11 . . . . . . 1 . . . . . . 6 5 . . 2 2 . . 1 13 3 1 6 Melee 32 | . . . . . . 2 2 . . . . . . 1 . . . . . . 2 1 . . 2 2 . . 1 13 3 1 2 Guns 40 | . 8 1 18 4 3 2 . . . . . . . . . . . . . . . . . . . . . . . . . . 4 Cannons 21 | . . 9 9 . . . 3 . . . . . . . . . . . . . . . . . . . . . . . . . . AOE 47 | . . 2 16 9 3 3 6 . . . . . . . . . . . . . 4 4 . . . . . . . . . . . Classes Destroyed 19 | . 7 1 4 1 . . . . . . . . . 1 . . 2 . . . . . . . 1 . . . . . 2 . . Worker 8 | . 1 . 3 1 . . . . . . . . . . . . . . . . . . . 3 . . . . . . . . . Builder 7 | . . . 2 . 1 . 2 . . . . . . . . . . . . . . . . 1 1 . . . . . . . . Tunneler 3 | . 1 . 1 . . . 1 . . . . . . . . . . . . . . . . . . . . . . . . . . Hauler 5 | . 2 . 3 . . . . . . . . . . . . . . . . . . . . . . . . . . . . . . Recycler 7 | . . . 1 . . . . . . . . . . . . . . . . . . . . 1 . . . . . 5 . . . Minesweeper 1 | . . . . . . . . . . . . . . . . . 1 . . . . . . . . . . . . . . . . Operator 11 | . 1 . 6 . 1 . . . . . . . . . 1 . . . . . 1 . . . 1 . . . . . . . . Watcher 15 | . 1 . 5 . . . . . . 1 . . . . 2 . . . . . . 1 . 2 2 . . . . . 1 . . Swarmer 49 | . 3 3 16 7 . . 6 . . . . . . . . . . . . . 4 5 . . . . . . . 5 . . . Saboteur 1 | . . . . . . . . . . . . . . . . . . . . . . . . . . . . . . . 1 . . Grunt 61 | . 5 5 22 4 6 6 . . . . . . . . . . . . . . . . . . 1 . . . . 6 . . 6 Duelist 3 | . . . 1 1 . . . . . . . . . . . . . . . . . . . . . . . . . . 1 . . Protector 2 | . . . . 1 . . . . . . . . . . . . . . . . . . . . . . . . . . 1 . . Sentry 18 | . . . 9 . . 1 5 . . . . . . . . . . . . . 2 . . . . . . . 1 . . . . Specialist 1 | . . . . . . . . . . . . . . . . . . . . . . . . . . . . . . . 1 . . Hunter 3 | . . . . . . . . . . . . . . 1 . . . . . . . . . . . . . . . 2 . . . Programmer 3 | . . . . . . . . . . . . . . . . . . . . . . . . . 1 2 . . . . . . . Decomposer 3 | . . . . . . . . . . . . . . . . 3 . . . . . . . . . . . . . . . . . Samaritan 1 | . . . . . . . . . . . . . . . . . 1 . . . . . . . . . . . . . . . . Assembled 4 | . . 4 . . . . . . . . . . . . . . . . . . . . . . . . . . . . . . . Thug 1 | . . . . . . . . . . . . . . . . . . . . . . 1 . . . . . . . . . . . Best Kill Streak 10 | . 3 4 8 4 5 3 5 . . 1 . . . 1 1 . 1 . . . 4 5 . 7 1 2 . . 1 10 2 1 3 Combat Bots Only 8 | . 3 4 5 4 4 3 4 . . . . . . 1 . . . . . . 4 5 . . 1 2 . . 1 8 2 1 3 Max Kills in Single Turn 6 | . 1 1 4 3 2 1 3 . . 1 . . . 1 1 1 1 . . . 2 2 . 6 1 1 . . 1 1 1 1 1 Gunslinging . | . . . . . . . . . . . . . . . . . . . . . . . . . . . . . . . . . . Exploded 4 | . . 1 4 3 1 1 3 . . . . . . . . . . . . . 2 2 . . . . . . . . . . . Melee 1 | . . . . . . 1 1 . . . . . . 1 . . . . . . 1 1 . . 1 1 . . 1 1 1 1 1 Uniques/NPCs Destroyed 1 | . . . . . . . . . . . . . . . . . . . . . . . . . . . . . . . . 1 . A5 (-3/Lab) Combat | -11 -10 -10 -9 -9 -8 -8 -8 -7 -7 -7 -7 -7 -7 -6 -6 -6 -6 -6 -5 -5 -5 -5 -5 -5 -4 -4 -4 -4 -3 -3 -3 -3 -2 -------- Run | Scr Mat Min Mat Min Mat Gar Mat Fac Was Fac Low Low Zio Pro Fac Low Low Dat Pro Fac Ext Cet Arc Hub Fac Upp Upp Zhi Pro Res Arm Lab Res Damage Taken 14559 | . 366 620 1769 157 307 832 797 . . 39 . . 48 67 200 . . . . 48 138 241 . 25 294 277 . . 294 1891 1315 21 4813 Core 3654 | . 69 133 274 6 47 173 71 . . . . . . 54 70 . . . . 25 79 85 . . 77 57 . . 52 401 563 21 1397 Absorbed by Shields 30 | . . . . . . . . . . . . . . . . . . . . . . . . . . . . . . 30 . . . Reduced by Siege Mode 43 | . . . . . . . . . . . . . . . . . . . . . . . . . . . . . . . . . 43 Core Remaining (%) 62 | 100 . 19 . 30 . . 47 . . . . . . 92 . . . . 91 . . . . 81 . . . . 83 . . 22 . Volleys Fired 439 | . 74 34 192 18 20 16 30 . . 1 . . 4 . 1 . . . . . 5 3 . 2 1 . . . . 2 . . 36 Largest 2 | . 2 1 2 1 1 2 1 . . 1 . . 1 . 1 . . . . . 1 1 . 1 1 . . . . 1 . . 2 Hottest 123 | . 70 60 90 33 30 50 44 . . 30 . . 30 . 30 . . . . . 30 30 . 50 46 . . . . 61 . . 123 Shots Fired 482 | . 87 34 208 18 20 22 31 . . 1 . . 3 . 1 . . . . . 5 3 . 2 1 . . . . 2 . . 44 Gun 313 | . 82 3 143 10 15 16 . . . . . . . . . . . . . . . . . . . . . . . . . . 44 Cannon 106 | . 5 29 44 . . . 26 . . . . . . . . . . . . . . . . . . . . . . 2 . . . Launcher 63 | . . 2 21 8 5 6 5 . . 1 . . 3 . 1 . . . . . 5 3 . 2 1 . . . . . . . . Special . | . . . . . . . . . . . . . . . . . . . . . . . . . . . . . . . . . . Kinetic 207 | . 34 3 74 10 15 16 26 . . . . . . . . . . . . . . . . . . . . . . 2 . . 27 Thermal 103 | . 53 29 9 . . . . . . . . . . . . . . . . . . . . . . . . . . . . . 12 Explosive 44 | . . 2 4 8 5 6 5 . . 1 . . 3 . 1 . . . . . 5 3 . . 1 . . . . . . . . Electromagnetic 128 | . . . 121 . . . . . . . . . . . . . . . . . . . . 2 . . . . . . . . 5 Robot Hit Streak 14 | . 9 7 14 3 9 5 14 . . . . . . . . . . . . . 1 1 . . . . . . . 3 . . 9 Robot Miss Streak 5 | . 5 3 4 2 2 1 2 . . . . . . . . . . . . . . 2 . . . . . . . . . . 3 Penetration Max 1 | . . . . . . . . . . . . . . . . . . . . . . . . . . . . . . . . . 1 Secondary Targets 1 | . . . . . . 1 . . . . . . . . . . . . . . . . . . . . . . . . . . . Max Gunslinging Chain 1 | . . . . . . 1 . . . . . . . . . . . . . . . . . . . . . . . . . . . Shots Hit Robots 456 | . 56 19 149 9 16 24 35 2 . 1 . . . 3 6 3 2 . 1 . 6 4 3 . 10 6 . 4 3 48 13 2 31 Core Hits 321 | . 29 20 88 23 17 13 16 1 . 1 . . . 2 3 1 2 . . . 7 13 3 11 8 3 . 3 2 28 6 1 20 Critical Hits 17 | . . . 1 . . . . . . . . . . . . . . . . . 1 . . . 1 . . . . 7 4 . 3 Critical Kills 10 | . . . 1 . . . . . . . . . . . . . . . . . . . . . 1 . . . . 5 2 . 1 Critical Parts Destroyed 5 | . . . . . . . . . . . . . . . . . . . . . . . . . . . . . . 2 1 . 2 Melee Attacks 339 | . . . . . . 22 15 21 . 13 2 5 3 4 28 3 3 . 1 2 7 5 3 8 49 11 1 4 7 79 26 7 10 Impact . | . . . . . . . . . . . . . . . . . . . . . . . . . . . . . . . . . . Slashing 38 | . . . . . . 22 15 1 . . . . . . . . . . . . . . . . . . . . . . . . . Piercing 301 | . . . . . . . . 20 . 13 2 5 3 4 28 3 3 . 1 2 7 5 3 8 49 11 1 4 7 79 26 7 10 Sneak Attacks 19 | . . . . . . . 2 . . . . . . . . 3 2 . . . 4 . . . 1 . . . . 5 2 . . Combat Hostiles 4 | . . . . . . . . . . . . . . . . . . . . . 4 . . . . . . . . . . . . Follow-up Attacks 10 | . . . . . . . . . . . . . . 1 . . . . . . 1 . . . 1 1 . 2 . 4 . . . Damage Inflicted 19190 | . 653 467 4011 762 724 825 1372 59 . 34 . . . 106 305 345 259 . 86 . 882 625 339 788 451 401 . 608 135 2694 947 182 1130 Guns 3942 | . 601 25 1978 121 217 163 . . . . . . . . . . . . . . . . . . . . . . . . . . 837 Cannons 1558 | . 52 330 634 . . . 459 . . . . . . . . . . . . . . . . . . . . . . 83 . . . Explosions 5000 | . . 112 1382 641 507 307 425 . . . . . . . . . . . . . 343 495 . 788 . . . . . . . . . Melee 8665 | . . . . . . 355 488 59 . 34 . . . 106 305 345 259 . 86 . 539 130 339 . 451 401 . 608 135 2611 939 182 293 Ramming 25 | . . . 17 . . . . . . . . . . . . . . . . . . . . . . . . . . . 8 . . Kinetic 2679 | . 138 25 913 121 217 163 459 . . . . . . . . . . . . . . . . . . . . . . 83 . . 560 Thermal 1510 | . 515 330 497 . . . . . . . . . . . . . . . . . . . . . . . . . . . . . 168 Explosive 3267 | . . 112 437 641 507 307 425 . . . . . . . . . . . . . 343 495 . . . . . . . . . . . Electromagnetic 3044 | . . . 2147 . . . . . . . . . . . . . . . . . . . . 788 . . . . . . . . 109 Impact . | . . . . . . . . . . . . . . . . . . . . . . . . . . . . . . . . . . Slashing 843 | . . . . . . 355 488 . . . . . . . . . . . . . . . . . . . . . . . . . . Piercing 7822 | . . . . . . . . 59 . 34 . . . 106 305 345 259 . 86 . 539 130 339 . 451 401 . 608 135 2611 939 182 293 Highest Corruption 54 | . . . . . . 13 13 . 8 9 9 9 9 9 1 . . . . . . . . . . 5 5 5 5 4 7 7 54 Average Corruption 8 | . . . . . . 13 13 . 8 8 9 9 9 9 1 . . . . . . . . . . 4 5 5 5 4 4 7 21 Corruption Purged 1 | . . . . . . . . . . . . . . . 1 . . . . . . . . . . . . . . . . . . Effects 261 | . . . . . . 50 35 . . 15 10 5 5 1 2 . . . . . . . . . . 6 3 2 20 33 20 11 43 Message Errors 61 | . . . . . . 13 6 . . 6 3 1 1 . 1 . . . . . . . . . . 1 2 1 5 8 6 2 5 Matter Fused 51 | . . . . . . 10 3 . . 1 3 1 2 . . . . . . . . . . . . . . 1 5 9 3 4 9 Heat Flow Errors 33 | . . . . . . 6 7 . . 2 1 1 . . . . . . . . . . . . . . . . 4 3 4 1 4 Energy Discharges 26 | . . . . . . 2 2 . . 1 2 1 . 1 . . . . . . . . . . . 2 . . 1 5 4 2 3 Parts Rejected 1 | . . . . . . . 1 . . . . . . . . . . . . . . . . . . . . . . . . . . Data Loss (minor) 27 | . . . . . . 3 4 . . . 1 1 . . 1 . . . . . . . . . . 2 1 . 3 4 2 2 3 Data Loss (major) 8 | . . . . . . 1 . . . 1 . . 1 . . . . . . . . . . . . 1 . . 2 . . . 2 Misfires 7 | . . . . . . 3 1 . . 1 . . . . . . . . . . . . . . . . . . . . . . 2 Alerts 3 | . . . . . . 1 1 . . . . . . . . . . . . . . . . . . . . . . . . . 1 Misdirections 12 | . . . . . . 6 4 . . . . . . . . . . . . . . . . . . . . . . . . . 2 Targeting Errors 29 | . . . . . . 5 6 . . 2 . . . . . . . . . . . . . . . . . . . 4 1 . 11 Weapon Failures 3 | . . . . . . . . . . 1 . . 1 . . . . . . . . . . . . . . . . . . . 1 Overload Shots 1 | . . . . . . . . . . . . . . . . . . . . . . . . . . . . . . . . . 1 Overflow Damage 1256 | . . . 42 3 22 5 84 . . . . . . . 100 226 . . 76 . 32 13 . 95 . . . 158 . 283 44 73 . Projectiles 13 | . . . . . . . . . . . . . . . . . . . . . . . . . . . . . . 13 . . . Explosions 207 | . . . 42 3 22 . . . . . . . . . . . . . . . 32 13 . 95 . . . . . . . . . Melee 1036 | . . . . . . 5 84 . . . . . . . 100 226 . . 76 . . . . . . . . 158 . 270 44 73 . Knockbacks 2 | . . . . . . . 1 . . . . . . . . . . . . . . . . . . . . . . 1 . . . Impact . | . . . . . . . . . . . . . . . . . . . . . . . . . . . . . . . . . . Kinetic 2 | . . . . . . . 1 . . . . . . . . . . . . . . . . . . . . . . 1 . . . Secondary . | . . . . . . . . . . . . . . . . . . . . . . . . . . . . . . . . . . Self-Inflicted Damage 402 | . . . 181 37 . 21 8 . . 39 . . 48 . . . . . . . 31 33 . . . . . . . . 4 . . Shots 16 | . . . 9 1 . 1 1 . . 1 . . 1 . . . . . . . 1 1 . . . . . . . . . . . Rammed 2 | . . . 1 . . . . . . . . . . . . . . . . . . . . . . . . . . . 1 . . Targets Rammed 2 | . . . 1 . . . . . . . . . . . . . . . . . . . . . . . . . . . 1 . . Kicked . | . . . . . . . . . . . . . . . . . . . . . . . . . . . . . . . . . . Crushed . | . . . . . . . . . . . . . . . . . . . . . . . . . . . . . . . . . . Highest Temperature 330 | . 200 21 10 . . 216 330 . . 135 149 275 . . 3 . . . . . . . . . 3 . . . 241 217 158 90 167 Average Temperature 74 | . 52 13 3 . . 73 108 . . 70 77 134 . . 3 . . . . . . . . . 3 . . . 110 94 74 57 90 Received Heat Transfer 2619 | . 150 126 666 51 180 207 243 . . . . . . . 60 . . . . 9 9 45 . 9 72 . . . 27 207 72 . 486 Effects 1 | . . . . . . . 1 . . . . . . . . . . . . . . . . . . . . . . . . . . Damage (minor) 1 | . . . . . . . 1 . . . . . . . . . . . . . . . . . . . . . . . . . . Siege Activations 1 | . . . . . . . . . . . . . . . . . . . . . . . . . . . . . . . . . 1 Total Turns 22 | . . . . . . . . . . . . . . . . . . . . . . . . . . . . . . . . . 22 Longest Duration 22 | . . . . . . . . . . . . . . . . . . . . . . . . . . . . . . . . . 22 Robots Corrupted 5 | . . . 5 . . . . . . . . . . . . . . . . . . . . . . . . . . . . . . Combat Hostiles 5 | . . . 5 . . . . . . . . . . . . . . . . . . . . . . . . . . . . . . Parts Fried 22 | . . . 13 . . . . . . . . . . . . . . . . . . . . 9 . . . . . . . . . Impact Corruptions . | . . . . . . . . . . . . . . . . . . . . . . . . . . . . . . . . . . Robots Melted . | . . . . . . . . . . . . . . . . . . . . . . . . . . . . . . . . . . Combat Hostiles . | . . . . . . . . . . . . . . . . . . . . . . . . . . . . . . . . . . Parts Melted 3 | . 2 . 1 . . . . . . . . . . . . . . . . . . . . . . . . . . . . . . Heat Transferred 3190 | . 1480 703 696 . . . . . . . . . . . . . . . . . . . . . . . . . . . . . 311 Parts Sabotaged 2 | . . . . . . . . . . . . . . . . . . . . . . . . . . . . . . . 2 . . Parts Stolen . | . . . . . . . . . . . . . . . . . . . . . . . . . . . . . . . . . . Parts Stripped . | . . . . . . . . . . . . . . . . . . . . . . . . . . . . . . . . . . Power Chain Reactions 9 | . . . 9 . . . . . . . . . . . . . . . . . . . . . . . . . . . . . . Missiles Intercepted . | . . . . . . . . . . . . . . . . . . . . . . . . . . . . . . . . . . Alert | -11 -10 -10 -9 -9 -8 -8 -8 -7 -7 -7 -7 -7 -7 -6 -6 -6 -6 -6 -5 -5 -5 -5 -5 -5 -4 -4 -4 -4 -3 -3 -3 -3 -2 ------- Run | Scr Mat Min Mat Min Mat Gar Mat Fac Was Fac Low Low Zio Pro Fac Low Low Dat Pro Fac Ext Cet Arc Hub Fac Upp Upp Zhi Pro Res Arm Lab Res Peak Influence 770 | . 192 120 655 337 166 403 296 163 21 161 . . . . 403 . . . . 257 411 364 160 770 453 . . . . 490 472 . 86 Initial 202 | . . . . 202 49 63 196 130 1 14 . . . . 18 . . . . 2 125 164 145 56 86 . . . . . 28 . . Average 171 | . 36 36 368 205 70 235 159 117 12 75 . . . . 69 . . . . 65 211 197 151 523 145 . . . . 196 148 . 14 Maximum Alert Level 3 | . . . 2 1 . 2 1 . . . . . . . 2 . . . . 1 2 1 . 3 2 . . . . 2 2 . . Low Security (%) 68 | 100 100 100 23 56 100 36 80 100 100 100 . . . . 94 . . . . 95 39 84 100 33 77 . . . . 53 70 . 100 Level 1 16 | . . . 19 43 . 50 19 . . . . . . . . . . . . 4 58 15 . . 8 . . . . 39 15 . . Level 2 13 | . . . 56 . . 13 . . . . . . . . 5 . . . . . 1 . . . 14 . . . . 6 14 . . Level 3 1 | . . . . . . . . . . . . . . . . . . . . . . . . 66 . . . . . . . . . Level 4 . | . . . . . . . . . . . . . . . . . . . . . . . . . . . . . . . . . . Level 5 . | . . . . . . . . . . . . . . . . . . . . . . . . . . . . . . . . . . High Security . | . . . . . . . . . . . . . . . . . . . . . . . . . . . . . . . . . . Max Security . | . . . . . . . . . . . . . . . . . . . . . . . . . . . . . . . . . . Squads Dispatched 42 | . 1 . 8 1 2 . 2 4 . 3 . . . . 5 . . . . 1 . . . . 5 . . . . 5 3 . 2 Investigation 7 | . . . 2 . 1 . . 1 . 2 . . . . 1 . . . . . . . . . . . . . . . . . . Extermination 15 | . . . . . . . . 2 . 1 . . . . 2 . . . . . . . . . 4 . . . . 2 2 . 2 Reinforcement 17 | . 1 . 5 . 1 . 2 1 . . . . . . 2 . . . . 1 . . . . 1 . . . . 2 1 . . Assault 3 | . . . 1 1 . . . . . . . . . . . . . . . . . . . . . . . . . 1 . . . Garrison . | . . . . . . . . . . . . . . . . . . . . . . . . . . . . . . . . . . Intercept . | . . . . . . . . . . . . . . . . . . . . . . . . . . . . . . . . . . Construction Impeded . | . . . . . . . . . . . . . . . . . . . . . . . . . . . . . . . . . . Haulers Reinforced . | . . . . . . . . . . . . . . . . . . . . . . . . . . . . . . . . . . Stealth | -11 -10 -10 -9 -9 -8 -8 -8 -7 -7 -7 -7 -7 -7 -6 -6 -6 -6 -6 -5 -5 -5 -5 -5 -5 -4 -4 -4 -4 -3 -3 -3 -3 -2 --------- Run | Scr Mat Min Mat Min Mat Gar Mat Fac Was Fac Low Low Zio Pro Fac Low Low Dat Pro Fac Ext Cet Arc Hub Fac Upp Upp Zhi Pro Res Arm Lab Res Distress Signals 22 | . 2 1 4 . 3 . 2 . . . . . . . . . . . . . 1 1 1 . 1 . . . . 2 4 . . Communications Jammed . | . . . . . . . . . . . . . . . . . . . . . . . . . . . . . . . . . . Distress Signals . | . . . . . . . . . . . . . . . . . . . . . . . . . . . . . . . . . . Times Spotted 374 | . 22 22 76 15 20 15 17 3 6 2 . . 4 1 17 . . . . 6 12 13 . 5 16 5 . . 4 28 39 1 25 Peak Tracking Total 14 | . 4 8 6 5 7 4 4 1 6 1 . . 4 1 5 . . . . 5 5 7 . 2 5 3 . . 3 8 14 1 8 Tactical Retreats 40 | . 3 2 2 . 3 8 2 . . . . . 1 . 4 . . . . 1 . . . . 4 2 . . . 4 2 . 2 Traps | -11 -10 -10 -9 -9 -8 -8 -8 -7 -7 -7 -7 -7 -7 -6 -6 -6 -6 -6 -5 -5 -5 -5 -5 -5 -4 -4 -4 -4 -3 -3 -3 -3 -2 ------- Run | Scr Mat Min Mat Min Mat Gar Mat Fac Was Fac Low Low Zio Pro Fac Low Low Dat Pro Fac Ext Cet Arc Hub Fac Upp Upp Zhi Pro Res Arm Lab Res Traps Triggered 17 | . 2 . 2 . . 7 . 1 . . . . . . . . . . . . . . . . 1 . . . . 3 1 . . Indirectly . | . . . . . . . . . . . . . . . . . . . . . . . . . . . . . . . . . . Trap Hack Attempts . | . . . . . . . . . . . . . . . . . . . . . . . . . . . . . . . . . . Triggered . | . . . . . . . . . . . . . . . . . . . . . . . . . . . . . . . . . . Disarmed . | . . . . . . . . . . . . . . . . . . . . . . . . . . . . . . . . . . Reprogrammed . | . . . . . . . . . . . . . . . . . . . . . . . . . . . . . . . . . . Reused . | . . . . . . . . . . . . . . . . . . . . . . . . . . . . . . . . . . Traps Extracted . | . . . . . . . . . . . . . . . . . . . . . . . . . . . . . . . . . . Installed . | . . . . . . . . . . . . . . . . . . . . . . . . . . . . . . . . . . Triggered 3 | . . . . . . . . . . . . . . . . 2 . . . . . . . . . . 1 . . . . . . Machines | -11 -10 -10 -9 -9 -8 -8 -8 -7 -7 -7 -7 -7 -7 -6 -6 -6 -6 -6 -5 -5 -5 -5 -5 -5 -4 -4 -4 -4 -3 -3 -3 -3 -2 ---------- Run | Scr Mat Min Mat Min Mat Gar Mat Fac Was Fac Low Low Zio Pro Fac Low Low Dat Pro Fac Ext Cet Arc Hub Fac Upp Upp Zhi Pro Res Arm Lab Res Machines Disabled 49 | . . . 4 3 1 3 1 . . 4 . . 2 . . . . . . . 3 . . 22 1 . . . . . 4 1 . Max in Single Turn 22 | . . . 1 3 1 1 1 . . 4 . . 1 . . . . . . . . . . 22 1 . . . . . 1 1 . Garrison Access 2 | . . . . . . . . . . . . . . . . . . . . . . . . . 1 . . . . 1 . . . Garrison Relay 3 | . . . . . . 3 . . . . . . . . . . . . . . . . . . . . . . . . . . . Network Hub 1 | . . . . . . . . . . . . . . . . . . . . . . . . 1 . . . . . . . . . Energy Cycler 1 | . . . . . . . . . . . . . . . . . . . . . 1 . . . . . . . . . . . . Machines Sabotaged . | . . . . . . . . . . . . . . . . . . . . . . . . . . . . . . . . . . Garrisons Compromised . | . . . . . . . . . . . . . . . . . . . . . . . . . . . . . . . . . . Overloaded Fab Kills . | . . . . . . . . . . . . . . . . . . . . . . . . . . . . . . . . . . Fab Network Shutdowns 3 | . . . . . . . . . . . . . . . 1 . . . . . . . . . 1 . . . . 1 . . . Hacking | -11 -10 -10 -9 -9 -8 -8 -8 -7 -7 -7 -7 -7 -7 -6 -6 -6 -6 -6 -5 -5 -5 -5 -5 -5 -4 -4 -4 -4 -3 -3 -3 -3 -2 --------- Run | Scr Mat Min Mat Min Mat Gar Mat Fac Was Fac Low Low Zio Pro Fac Low Low Dat Pro Fac Ext Cet Arc Hub Fac Upp Upp Zhi Pro Res Arm Lab Res Machines Accessed 114 | . 7 . 4 . 3 . 2 4 . 10 . 1 . 1 19 . 1 4 . 4 2 1 1 4 10 1 . 9 . 12 7 2 5 Terminals 66 | . 6 . 4 . 2 . 1 4 . 5 . . . 1 11 . . . . 2 2 1 . 4 6 . . . . 8 5 . 4 Fabricators 13 | . . . . . . . . . . 2 . . . . 4 . . . . 1 . . . . 2 . . . . 1 2 . 1 Repair Stations 6 | . 1 . . . . . . . . 2 . . . . 1 . . . . . . . . . 1 . . . . 1 . . . Recycling Units 1 | . . . . . . . 1 . . . . . . . . . . . . . . . . . . . . . . . . . . Scanalyzers 4 | . . . . . . . . . . 1 . . . . 1 . . . . 1 . . . . . . . . . 1 . . . Garrison Access 5 | . . . . . 1 . . . . . . . . . 2 . . . . . . . . . 1 . . . . 1 . . . Total Hacks 463 | . 20 . 14 . 9 . 10 10 . 31 . 1 . 2 50 . 1 28 . 20 9 1 25 24 48 1 . 48 . 42 32 7 30 Successful 336 | . 9 . 7 . 2 . 6 7 . 22 . 1 . 2 38 . 1 28 . 15 7 1 25 13 38 1 . 48 . 26 19 7 13 Failed 126 | . 11 . 7 . 7 . 4 3 . 9 . . . . 11 . . . . 5 2 . . 11 10 . . . . 16 13 . 17 Catastrophic 15 | . 1 . 1 . 1 . . . . . . . . . 1 . . . . 1 . . . 1 2 . . . . 2 . . 5 Database Lockouts 1 | . . . . . . . . . . . . . . . 1 . . . . . . . . . . . . . . . . . . Manual 232 | . 16 . 12 . 3 . 5 6 . 15 . . . . 29 . . . . 12 5 4 . 19 28 . . . . 24 28 6 20 Terminals 258 | . 16 . 14 . 8 . 6 10 . 18 . . . 2 31 . . . . 11 9 1 . 24 28 . . . . 28 27 . 25 Fabricators 50 | . . . . . . . . . . 6 . . . . 10 . . . . 7 . . . . 11 . . . . 6 5 . 5 Repair Stations 24 | . 4 . . . . . . . . 4 . . . . 4 . . . . . . . . . 8 . . . . 4 . . . Recycling Units 4 | . . . . . . . 4 . . . . . . . . . . . . . . . . . . . . . . . . . . Scanalyzers 10 | . . . . . . . . . . 3 . . . . 2 . . . . 2 . . . . . . . . . 3 . . . Garrison Access 6 | . . . . . 1 . . . . . . . . . 3 . . . . . . . . . 1 . . . . 1 . . . Terminal Hacks 205 | . 2 . 5 . 1 . 1 3 . 7 . 1 . 2 16 . 1 28 . 3 6 1 25 10 13 1 . 48 . 10 8 7 6 Record 81 | . . . . . . . . . . . . . . 2 . . . 11 . . . . 25 . . . . 36 . . . 7 . Part Schematic 22 | . . . . . . . . . . 2 . . . . 3 . . 8 . 1 . . . . 2 . . 4 . 1 1 . . Robot Schematic 6 | . . . . . . . . . . . . . . . . . . 6 . . . . . . . . . . . . . . . Robot Analysis 6 | . . . . . . . . . . . . . . . . . . . . . 1 . . . . . . 4 . . . . 1 Prototype ID Bank 7 | . . . . . . . . . . . . . . . . . . 3 . . . . . . . . . 4 . . . . . Open Door 4 | . . . . . . . . . . . . 1 . . . . 1 . . . . 1 . . . 1 . . . . . . . Level Access Points 5 | . . . . . . . . . . . . . . . 1 . . . . . . . . 2 1 . . . . 1 . . . Branch Access Points 7 | . . . . . . . . 1 . . . . . . 2 . . . . . . . . 1 1 . . . . 1 . . 1 Machine Index 7 | . . . 1 . . . . 1 . 1 . . . . 1 . . . . 1 . . . . 1 . . . . 1 . . . Terminal Index 5 | . 1 . . . . . . . . . . . . . 1 . . . . . . . . 1 . . . . . . 1 . 1 Fabricator Index 2 | . . . . . . . . . . . . . . . . . . . . . . . . . . . . . . . 1 . 1 Garrison Index 1 | . . . . . . . . . . . . . . . . . . . . . . . . 1 . . . . . . . . . Alert Level 1 | . . . 1 . . . . . . . . . . . . . . . . . . . . . . . . . . . . . . Unreport Threat 22 | . 1 . 2 . 1 . 1 . . 1 . . . . 3 . . . . . 3 . . 4 2 . . . . 2 2 . . Locate Traps 5 | . . . . . . . . . . . . . . . . . . . . 1 1 . . . 2 . . . . 1 . . . Patrol Status 1 | . . . . . . . . . . . . . . . . . . . . . 1 . . . . . . . . . . . . Recall Investigation 3 | . . . 1 . . . . . . 2 . . . . . . . . . . . . . . . . . . . . . . . Recall Extermination 11 | . . . . . . . . 1 . 1 . . . . 2 . . . . . . . . . 4 . . . . 1 1 . 1 Recall Assault 1 | . . . . . . . . . . . . . . . . . . . . . . . . 1 . . . . . . . . . Zone Layout 8 | . . . . . . . . . . . . . . . 3 . . . . . . . . . . . . . . 2 2 . 1 Fabricator Hacks 37 | . . . . . . . . . . 5 . . . . 8 . . . . 4 . . . . 9 . . . . 5 4 . 2 Network Status 4 | . . . . . . . . . . . . . . . . . . . . 1 . . . . 1 . . . . 1 . . 1 Load Schematic 16 | . . . . . . . . . . 3 . . . . 4 . . . . 1 . . . . 4 . . . . 2 2 . . Build 17 | . . . . . . . . . . 2 . . . . 4 . . . . 2 . . . . 4 . . . . 2 2 . 1 Repair Station Hacks 17 | . 3 . . . . . . . . 2 . . . . 3 . . . . . . . . . 7 . . . . 2 . . . Scan Component 8 | . 2 . . . . . . . . 1 . . . . 2 . . . . . . . . . 3 . . . . . . . . Repair 6 | . 1 . . . . . . . . 1 . . . . 1 . . . . . . . . . 3 . . . . . . . . Refit 3 | . . . . . . . . . . . . . . . . . . . . . . . . . 1 . . . . 2 . . . Recycling Unit Hacks 2 | . . . . . . . 2 . . . . . . . . . . . . . . . . . . . . . . . . . . Process 1 | . . . . . . . 1 . . . . . . . . . . . . . . . . . . . . . . . . . . Retrieve Matter 1 | . . . . . . . 1 . . . . . . . . . . . . . . . . . . . . . . . . . . Scanalyzer 9 | . . . . . . . . . . 2 . . . . 2 . . . . 2 . . . . . . . . . 3 . . . Insert Component 4 | . . . . . . . . . . 1 . . . . 1 . . . . 1 . . . . . . . . . 1 . . . Analyze 5 | . . . . . . . . . . 1 . . . . 1 . . . . 1 . . . . . . . . . 2 . . . Garrison Access Hacks 3 | . . . . . 1 . . . . . . . . . . . . . . . . . . . 1 . . . . 1 . . . Unlock Access 1 | . . . . . 1 . . . . . . . . . . . . . . . . . . . . . . . . . . . . Seal Access 2 | . . . . . . . . . . . . . . . . . . . . . . . . . 1 . . . . 1 . . . Unauthorized Hacks 63 | . 4 . 2 . . . 3 4 . 6 . . . . 9 . . . . 6 1 . . 3 8 . . . . 5 7 . 5 Terminals 53 | . 4 . 2 . . . 3 4 . 6 . . . . 5 . . . . 4 1 . . 3 6 . . . . 4 6 . 5 Track 8 | . . . . . . . 1 . . . . . . . . . . . . . . . . . 2 . . . . 1 1 . 3 Assimilate 13 | . . . . . . . . 1 . 1 . . . . 2 . . . . 2 . . . 1 1 . . . . 1 3 . 1 Botnet 24 | . 3 . 1 . . . 1 2 . 4 . . . . 2 . . . . 2 1 . . 2 2 . . . . 1 2 . 1 Operators 8 | . 1 . 1 . . . 1 1 . 1 . . . . 1 . . . . . . . . . 1 . . . . 1 . . . Fabricators 7 | . . . . . . . . . . . . . . . 1 . . . . 2 . . . . 2 . . . . 1 1 . . Report 3 | . . . . . . . . . . . . . . . . . . . . 1 . . . . 1 . . . . 1 . . . Prioritize 4 | . . . . . . . . . . . . . . . 1 . . . . 1 . . . . 1 . . . . . 1 . . Repair Stations . | . . . . . . . . . . . . . . . . . . . . . . . . . . . . . . . . . . Recycling Units . | . . . . . . . . . . . . . . . . . . . . . . . . . . . . . . . . . . Scanalyzers . | . . . . . . . . . . . . . . . . . . . . . . . . . . . . . . . . . . Garrison Access 3 | . . . . . . . . . . . . . . . 3 . . . . . . . . . . . . . . . . . . Reprogram 2 | . . . . . . . . . . . . . . . 2 . . . . . . . . . . . . . . . . . . Watchers 1 | . . . . . . . . . . . . . . . 1 . . . . . . . . . . . . . . . . . . Data Cores Recovered 2 | . . . . . . . . . . . . . . . 1 . . . . . 1 . . . . . . . . . . . . Used 1 | . . . . . . . . . . . . . . . . . . . . . 1 . . . . . . . . . . . . Hacking Detections 64 | . 5 . 4 . 2 . 1 3 . 9 . . . . 15 . . . . 1 1 1 . 3 6 . . . . 7 5 . 1 Full Trace Events 6 | . 1 . . . 1 . . 1 . 2 . . . . 1 . . . . . . . . . . . . . . . . . . Feedback Events 2 | . . . . . . . . . . 1 . . . . 1 . . . . . . . . . . . . . . . . . . Corruption 2 | . . . . . . . . . . 1 . . . . 1 . . . . . . . . . . . . . . . . . . Feedback Blocked . | . . . . . . . . . . . . . . . . . . . . . . . . . . . . . . . . . . Robot Schematics Acquired 6 | . . . . . . . . . . . . . . . . . . 6 . . . . . . . . . . . . . . . Robots Built 4 | . . . . . . . . . . . . . . . . . . . . 4 . . . . . . . . . . . . . Matter 636 | . . . . . . . . . . . . . . . . . . . . 636 . . . . . . . . . . . . . Time 168 | . . . . . . . . . . . . . . . . . . . . 168 . . . . . . . . . . . . . Total Robot Build Rating 24 | . . . . . . . . . . . . . . . . . . . . 24 . . . . . . . . . . . . . Part Schematics Acquired 25 | . . . . . . . . . . 2 . . . . 4 . . 8 . 2 . . . . 2 . . 4 . 2 1 . . Parts Built 11 | . . . . . . . . . . 1 . . . . 4 . . . . . . . . . 3 . . . . 2 1 . . Matter 3271 | . . . . . . . . . . 336 . . . . 950 . . . . . . . . . 724 . . . . 603 380 . 278 Time 908 | . . . . . . . . . . 56 . . . . 294 . . . . . . . . . 181 . . . . 160 148 . 69 Total Part Build Rating 61 | . . . . . . . . . . 4 . . . . 20 . . . . . . . . . 22 . . . . 11 4 . . Parts Repaired 6 | . 1 . . . . . . . . 1 . . . . 1 . . . . . . . . . 3 . . . . . . . . Time 211 | . 13 . . . . . . . . 78 . . . . 16 . . . . . . . . . 104 . . . . . . . . Parts Recycled . | . . . . . . . . . . . . . . . . . . . . . . . . . . . . . . . . . . Recycled Matter 164 | . . . . . . . 164 . . . . . . . . . . . . . . . . . . . . . . . . . . Retrieved Matter 215 | . . . . . . . 215 . . . . . . . . . . . . . . . . . . . . . . . . . . Retrieved Components . | . . . . . . . . . . . . . . . . . . . . . . . . . . . . . . . . . . Parts Scanalyzed 4 | . . . . . . . . . . 1 . . . . 1 . . . . 1 . . . . . . . . . 1 . . . Part Schematics Acquired 3 | . . . . . . . . . . . . . . . 1 . . . . 1 . . . . . . . . . 1 . . . Parts Damaged . | . . . . . . . . . . . . . . . . . . . . . . . . . . . . . . . . . . Bothacking | -11 -10 -10 -9 -9 -8 -8 -8 -7 -7 -7 -7 -7 -7 -6 -6 -6 -6 -6 -5 -5 -5 -5 -5 -5 -4 -4 -4 -4 -3 -3 -3 -3 -2 ------------ Run | Scr Mat Min Mat Min Mat Gar Mat Fac Was Fac Low Low Zio Pro Fac Low Low Dat Pro Fac Ext Cet Arc Hub Fac Upp Upp Zhi Pro Res Arm Lab Res Used RIF Installer 1 | . . . . . . 1 . . . . . . . . . . . . . . . . . . . . . . . . . . . Robots Hacked . | . . . . . . . . . . . . . . . . . . . . . . . . . . . . . . . . . . Non-combat . | . . . . . . . . . . . . . . . . . . . . . . . . . . . . . . . . . . Combat . | . . . . . . . . . . . . . . . . . . . . . . . . . . . . . . . . . . Robot Hacks Applied . | . . . . . . . . . . . . . . . . . . . . . . . . . . . . . . . . . . Relay Couplers Released 11 | . . . . . . 11 . . . . . . . . . . . . . . . . . . . . . . . . . . . Machine Destruction 11 | . . . . . . 11 . . . . . . . . . . . . . . . . . . . . . . . . . . . Robots Rewired 12 | . . . . . . . . . . . . . . . . . . . . . 8 . . . . . . . . . 4 . . Allies Hacked 2 | . . . . . . . . . . . . . . . . . . . . 1 1 . . . . . . . . . . . . Hacks Repelled . | . . . . . . . . . . . . . . . . . . . . . . . . . . . . . . . . . . Allies | -11 -10 -10 -9 -9 -8 -8 -8 -7 -7 -7 -7 -7 -7 -6 -6 -6 -6 -6 -5 -5 -5 -5 -5 -5 -4 -4 -4 -4 -3 -3 -3 -3 -2 -------- Run | Scr Mat Min Mat Min Mat Gar Mat Fac Was Fac Low Low Zio Pro Fac Low Low Dat Pro Fac Ext Cet Arc Hub Fac Upp Upp Zhi Pro Res Arm Lab Res Total Allies 52 | . . 2 . 4 . . . 1 . 1 . . . . 2 . . . . 6 12 . . 1 1 . . . . 1 5 8 8 Largest Group 12 | . . 2 . 4 4 . . 1 1 1 1 1 1 . 2 . . . . 6 12 12 2 2 1 . . . . 1 4 8 7 Highest-Rated Group 383 | . . 48 . 71 71 . . 10 10 26 26 26 26 . 52 . . . . 291 383 383 57 36 10 . . . . 44 200 115 99 Highest-Rated Ally 54 | . . 31 . 31 31 . . 10 10 26 26 26 26 . 26 . . . . 54 54 54 31 26 10 . . . . 44 50 15 44 Total Orders 13 | . . . . . . . . 2 . . . . . . 5 . . . . 2 . . 1 1 . . . . . . . . 2 STAY 7 | . . . . . . . . 1 . . . . . . 3 . . . . 1 . . 1 1 . . . . . . . . . FOLLOW 4 | . . . . . . . . 1 . . . . . . 2 . . . . 1 . . . . . . . . . . . . . EXPLORE 2 | . . . . . . . . . . . . . . . . . . . . . . . . . . . . . . . . . 2 Ally Attacks 335 | . . 4 . 3 19 . . . . . . . . . . . . . . 27 70 60 . . . . . . . . 58 65 29 Total Damage 9673 | . . 64 . 43 253 . . . . . . . . . . . . . . 1094 1793 1376 . . . . . . . . 2594 1745 711 Kills 52 | . . . . 2 2 . . . . . . . . . . . . . . 9 16 7 . . . . . . . . 12 1 3 Allies Corrupted 2 | . . . . . . . . . . . . . . . . . . . . . . . . . . . . . . . . 2 . Allies Melted 1 | . . . . . . . . . . . . . . . . . . . . . . . 1 . . . . . . . . . . Intel | -11 -10 -10 -9 -9 -8 -8 -8 -7 -7 -7 -7 -7 -7 -6 -6 -6 -6 -6 -5 -5 -5 -5 -5 -5 -4 -4 -4 -4 -3 -3 -3 -3 -2 ------- Run | Scr Mat Min Mat Min Mat Gar Mat Fac Was Fac Low Low Zio Pro Fac Low Low Dat Pro Fac Ext Cet Arc Hub Fac Upp Upp Zhi Pro Res Arm Lab Res Robot Analysis Total 6 | . . . . . . . . . . . . . . . . . . . . . 1 . . . . . . 4 . . . . 1 Derelict Logs Recovered 9 | . . 2 . 1 . . . . . . 1 . 1 . . . 1 . 1 . . . . . . 1 1 . . . . . . Drone Launches 2 | . . . . . . . . . . . . . . . . . . . . . . . . . . . . . . . . . 2 Drone Recoveries . | . . . . . . . . . . . . . . . . . . . . . . . . . . . . . . . . . . Exploration | -11 -10 -10 -9 -9 -8 -8 -8 -7 -7 -7 -7 -7 -7 -6 -6 -6 -6 -6 -5 -5 -5 -5 -5 -5 -4 -4 -4 -4 -3 -3 -3 -3 -2 ------------- Run | Scr Mat Min Mat Min Mat Gar Mat Fac Was Fac Low Low Zio Pro Fac Low Low Dat Pro Fac Ext Cet Arc Hub Fac Upp Upp Zhi Pro Res Arm Lab Res Turns Passed 22497 | 114 1487 1269 3314 1290 258 1122 711 504 58 452 264 232 128 60 1409 558 340 81 306 493 639 216 83 312 1471 332 193 103 815 1323 759 662 1139 Spaces Moved 19160 | 65 781 746 1557 694 134 566 315 959 140 722 546 503 317 122 2055 297 335 89 345 496 533 164 78 397 1716 458 242 218 278 1310 1034 471 477 Core 668 | 5 . . . . . . . . . . . . . . . . . . . . 24 . . . . . . . 2 26 7 471 133 Treads 4912 | 60 781 746 1557 694 134 566 315 . . . . . . . . . . . . . . . . . . . . . . . . . 59 Legs 414 | . . . . . . . . . . . . . . . . . . . . . . . . . . . . . . 129 . . 285 Wheels . | . . . . . . . . . . . . . . . . . . . . . . . . . . . . . . . . . . Hover 338 | . . . . . . . . . . . . . . . . . . . . . . . . . . . . . 258 80 . . . Flight 12828 | . . . . . . . . 959 140 722 546 503 317 122 2055 297 335 89 345 496 509 164 78 397 1716 458 242 218 18 1075 1027 . . Fastest Speed 19 | 50 160 160 160 180 160 160 160 34 34 34 34 34 34 34 32 40 34 34 34 34 34 34 37 37 37 37 37 37 37 19 21 50 50 Average Speed 75 | 151 160 160 179 180 160 177 177 34 34 34 34 34 34 34 34 40 36 34 34 34 44 35 37 38 39 37 37 37 117 41 23 113 119 Slowest Speed 600 | 160 180 160 200 180 180 180 180 194 34 34 34 34 34 34 195 40 40 34 34 34 250 37 37 117 120 37 37 37 500 156 600 300 160 Overloaded Moves . | . . . . . . . . . . . . . . . . . . . . . . . . . . . . . . . . . . Propulsion Burnouts . | . . . . . . . . . . . . . . . . . . . . . . . . . . . . . . . . . . Robots Hopped 31 | . . . . . . . . . . 3 . . . . 7 . . . . 1 4 . . . 6 . . . . 3 7 . . Cave-ins Triggered 2 | . . . . . . 1 . . . . . . . . . . . . . . . . . . . . . . . . . . 1 Teleports 2 | . . . . . . . . . . . . . . . . . . . . . . . . . . . . . . . 1 . 1 Exploration Rate (%) 52 | 4 91 98 88 94 17 59 32 18 92 14 68 59 13 25 54 60 50 71 59 9 73 72 68 40 34 65 41 62 53 31 53 99 13 Regions Visited 33 Branch Regions 20 Pre-discovered Areas 5 | . . . . . . . . . . . . . 1 . . . . 1 . . . . . . . . . 3 . . . . . Known Exits Taken 24 | . . . 1 . 1 . . . . 1 1 1 1 1 1 1 1 1 1 1 1 1 1 1 1 1 1 1 1 1 . 1 . Unknown Exits Taken 6 | 1 1 1 . 1 . . 1 . . . . . . . . . . . . . . . . . . . . . . . 1 . . Scrap Searched 21 | . . 2 . 1 . . . . . . 2 1 2 2 . 1 4 . 3 . . . . . . . 1 . 2 . . . . Spaces Dug 192 | . . 13 13 . . 2 23 18 . 11 1 4 2 . 25 . 1 . . 1 16 . . 7 26 2 1 . 1 19 2 1 3 Terrain Destroyed 700 | . . 23 73 92 33 11 55 18 . 21 1 4 17 . 25 . 1 . . 1 57 32 . 162 41 2 1 . 1 19 2 1 7 Melee 116 | . . . . . . 2 . 18 . 11 1 4 2 . 15 . 1 . . 1 . . . 7 26 2 1 . 1 19 2 1 2 Projectile 8 | . . . . . . . 3 . . . . . . . . . . . . . . . . . . . . . . . . . 5 AOE 576 | . . 23 73 92 33 9 52 . . 10 . . 15 . 10 . . . . . 57 32 . 155 15 . . . . . . . . Terrain Rammed . | . . . . . . . . . . . . . . . . . . . . . . . . . . . . . . . . . . Walls Destroyed . | . . . . . . . . . . . . . . . . . . . . . . . . . . . . . . . . . . Machines Disabled . | . . . . . . . . . . . . . . . . . . . . . . . . . . . . . . . . . . Actions | -11 -10 -10 -9 -9 -8 -8 -8 -7 -7 -7 -7 -7 -7 -6 -6 -6 -6 -6 -5 -5 -5 -5 -5 -5 -4 -4 -4 -4 -3 -3 -3 -3 -2 --------- Run | Scr Mat Min Mat Min Mat Gar Mat Fac Was Fac Low Low Zio Pro Fac Low Low Dat Pro Fac Ext Cet Arc Hub Fac Upp Upp Zhi Pro Res Arm Lab Res Total 26143 | 77 938 788 1882 719 160 632 413 1108 150 907 620 557 329 135 2717 731 545 139 531 815 917 309 127 542 2432 599 342 235 756 1940 1494 583 974 Wait 5608 | 3 52 . 26 6 . . 28 92 9 156 70 51 . 11 588 432 203 51 186 308 331 131 43 123 631 121 100 . 472 462 422 82 418 Move 19071 | 64 780 745 1556 693 134 564 314 959 139 715 545 502 316 121 2040 296 334 88 344 493 525 163 77 396 1704 457 241 217 277 1305 1020 470 477 Hop 26 | . . . . . . . . . . 3 . . . . 7 . . . . 1 3 . . . 5 . . . . 1 6 . . Pick Up 127 | 3 15 4 39 1 3 5 6 4 1 5 . . 2 . 11 . . . . 2 3 1 . 3 6 2 . 3 . 4 . 3 1 Fast Attach 142 | 6 6 . 9 . . . 7 4 . 2 2 . . . 13 . 3 . . 2 3 . 2 2 16 1 . 6 . 25 3 9 21 Attach 77 | . 1 4 14 1 1 4 2 11 . 2 . . 1 . 5 . . . . 2 1 . . 2 5 2 . . 1 9 2 3 4 Detach 17 | . . . . . . . . 1 . . . . . . 2 . . . . 1 . . . . 3 1 . . . 6 1 2 . Swap 59 | 1 2 1 15 . 1 5 3 3 . 3 1 . 2 . 6 . . . . 1 3 5 . . 3 2 . . . 1 1 . . Drop 173 | . 8 . 30 . 1 2 8 13 1 8 1 . 2 . 21 . 2 . . 2 4 1 2 6 15 3 . 7 . 21 1 7 7 Fire 439 | . 74 34 192 18 20 16 30 . . 1 . . 4 . 1 . . . . . 5 3 . 2 1 . . . . 2 . . 36 Melee 311 | . . . . . . 22 15 21 . 12 1 4 2 3 23 3 3 . 1 2 5 5 3 8 43 10 1 2 6 73 26 7 10 Ram 1 | . . . . . . . . . . . . . . . . . . . . . . . . . . . . . . . 1 . . Kick . | . . . . . . . . . . . . . . . . . . . . . . . . . . . . . . . . . . Crush 1 | . . . 1 . . . . . . . . . . . . . . . . . . . . . . . . . . . . . . Escape Stasis 45 | . . . . . . 14 . . . . . . . . . . . . . . . . . . . . . . . 31 . . . Rewire 46 | . . . . . . . . . . . . . . . . . . . . 1 34 . . . . . . . . . 11 . . Trap . | . . . . . . . . . . . . . . . . . . . . . . . . . . . . . . . . . . Miscellaneous . | . . . . . . . . . . . . . . . . . . . . . . . . . . . . . . . . . . Route ------- -11/Scrapyard -10/Materials (discovered 4 exits: *Mat x3 / [*Min]) -10/Mines (discovered 2 exits: *Mat x2) -9/Materials (discovered 5 exits: *Mat x3 / *Min x2) -9/Mines (discovered 2 exits: *Mat x2) -8/Materials -8/Garrison (discovered 2 exits: *Mat x2) -8/Materials -7/Factory (discovered 4 exits: *Fac / *Sto / Low x2) -7/Waste -7/Factory -7/Lower Caves -7/Lower Caves -7/Zion -6/Proximity Caves -6/Factory (discovered 6 exits: *Fac x4 / *Low x2) -6/Lower Caves -6/Lower Caves (discovered 2 exits: *Fac / *Dat) -6/Data Miner -5/Proximity Caves -5/Factory -5/Extension (discovered 3 exits: *Fac x2 / *Cet) -5/Cetus -5/Archives (discovered 3 exits: Fac / *Hub x2) -5/Hub_04(d) (discovered 4 exits: *Fac x4) -4/Factory (discovered 6 exits: *Res x4 / *Upp x2) -4/Upper Caves -4/Upper Caves (discovered 2 exits: Res / *Zhi) -4/Zhirov -3/Proximity Caves -3/Research (discovered 6 exits: Res x3 / *Arm / Tes x2) -3/Armory (discovered 2 exits: Res / *Lab) -3/Lab -2/Research (discovered 2 exits: *Qua x2) History --------- Turn | Location | Event 7 | -11/Scrapyard | Discovered new exit (range 14) 115 | -11/Scrapyard | Entered Materials 306 | -10/Materials | Build established: Mutant 670 | -10/Materials | Discovered new exit (range 4) 1030 | -10/Materials | Discovered new exit (range 16) 1102 | -10/Materials | Discovered new exit (range 11) 1262 | -10/Materials | Repaired Med. Laser 1490 | -10/Materials | Discovered new exit (range 16) 1602 | -10/Materials | Entered Mines 1702 | -10/Mines | Learned location of 1 exit from Materials 1959 | -10/Mines | Assembled infested the area 1964 | -10/Mines | Assisted by a Guerilla fighting off Assembled 2031 | -10/Mines | Core integrity fell below 50% 2061 | -10/Mines | Lost 4 parts (2n2w) 2341 | -10/Mines | Learned 2 Materials zone layouts 2453 | -10/Mines | Received a Rocket Launcher from a helpful Derelict 2475 | -10/Mines | Discovered new exit (range 8) 2487 | -10/Mines | Core integrity fell below 20% 2729 | -10/Mines | Discovered new exit (range 9) 2802 | -10/Mines | Build established: Scavenger-Mutant 2871 | -10/Mines | Entered Materials 2871 | -9/Materials | Evolved 2 slots: Utility x2 2872 | -9/Materials | Identified exit to Mines 4389 | -9/Materials | Discovered new exit (range 16) 4471 | -9/Materials | First assault squad dispatched 4541 | -9/Materials | Lost 3 parts (1u2w) 4675 | -9/Materials | Discovered exit to Mines (range 8) 4896 | -9/Materials | Build established: Mutant 5001 | -9/Materials | Discovered new exit (range 16) 5323 | -9/Materials | Core integrity fell below 50% 5728 | -9/Materials | Discovered new exit (range 8) 6185 | -9/Materials | Entered Mines 6410 | -9/Mines | Found a hidden stash of uninstalled traps 6651 | -9/Mines | Learned Materials garrison access intel 6748 | -9/Mines | Discovered new exit (range 10) 6871 | -9/Mines | Deemed a non-threat by the Exiles lab entrance 7167 | -9/Mines | Met a Derelict testing a Signal Generator 7441 | -9/Mines | Assisted by bots powering up and referring to "LRC-V3" 7459 | -9/Mines | Discovered new exit (range 6) 7475 | -9/Mines | Entered Materials 7475 | -8/Materials | Accompanied by 4 allies 7475 | -8/Materials | Evolved 2 slots: Propulsion x1, Utility x1 7476 | -8/Materials | Loaded intel: 1 garrison access location 7525 | -8/Materials | Build established: Scavenger-Mutant 7733 | -8/Materials | Identified exit to Garrison 7733 | -8/Materials | Entered Garrison 7760 | -8/Garrison | Triggered checkpoint 7863 | -8/Garrison | Crushed by falling debris 7863 | -8/Garrison | System corruption reached 10% 7870 | -8/Garrison | Triggered checkpoint 7894 | -8/Garrison | Lost 5 parts (3n2u) 7926 | -8/Garrison | Discovered new exit (range 8) 7948 | -8/Garrison | Triggered checkpoint 8161 | -8/Garrison | Build established: Mutant 8221 | -8/Garrison | Discovered new exit (range 14) 8257 | -8/Garrison | Installed Relay Interface Framework 8302 | -8/Garrison | Triggered checkpoint 8338 | -8/Garrison | Garrison Relay disabled 8517 | -8/Garrison | Garrison Relay disabled 8699 | -8/Garrison | Garrison Relay disabled 8855 | -8/Garrison | Entered Materials 9185 | -8/Materials | Discovered new exit (range 16) 9389 | -8/Materials | Build established: Scavenger-Mutant 9398 | -8/Materials | Core integrity fell below 50% 9566 | -8/Materials | Entered Factory 9566 | -7/Factory | Evolved 2 slots: Utility x2 9618 | -7/Factory | Identified exit to Storage 9618 | -7/Factory | Identified exit to Lower Caves 9884 | -7/Factory | Build established: Hacker-Mutant 9891 | -7/Factory | Discovered new exit (range 5) 9895 | -7/Factory | Identified exit to Factory 10070 | -7/Factory | Sucked down chute 10070 | -7/Factory | Entered Waste 10075 | -7/Waste | 1 allies followed down the chute 10076 | -7/Waste | Spotted C-40 Crusher 10085 | -7/Waste | EMP discharged 10092 | -7/Waste | Spotted C-40 Crusher 10093 | -7/Waste | Spotted C-40 Crusher 10094 | -7/Waste | Spotted C-40 Crusher 10094 | -7/Waste | Spotted C-40 Crusher 10104 | -7/Waste | Spotted C-40 Crusher 10121 | -7/Waste | Discovered new exit (range 11) 10128 | -7/Waste | Identified exit to Factory 10128 | -7/Waste | Entered Factory 10297 | -7/Factory | Fabricated Lrn. Sensor Array (x1) 10388 | -7/Factory | Repaired Broken Lance? 10546 | -7/Factory | Discovered exit to Lower Caves (range 6) 10580 | -7/Factory | Entered Lower Caves 10580 | -7/Lower Caves | Accompanied by 1 ally 10599 | -7/Lower Caves | Learned Factory trap positions 10799 | -7/Lower Caves | Encountered a Warlord checkpoint 10838 | -7/Lower Caves | Discovered new exit (range 5) 10841 | -7/Lower Caves | Identified exit to Lower Caves 10844 | -7/Lower Caves | Entered another Lower Caves area 10844 | -7/Lower Caves | Accompanied by 1 ally 10917 | -7/Lower Caves | Spotted B-75 Beast 11060 | -7/Lower Caves | Encountered a Warlord checkpoint 11062 | -7/Lower Caves | Discovered new exit (range 12) 11065 | -7/Lower Caves | Identified exit to Zion 11076 | -7/Lower Caves | Entered Zion 11076 | -7/Zion | Accompanied by 1 ally 11128 | -7/Zion | Discovered new exit (range 13) 11148 | -7/Zion | Acquired unknown access codes intercepted by a Zionite 11175 | -7/Zion | RIF detected upon attempting to enter Zion 11175 | -7/Zion | Attacked by Zionites 11175 | -7/Zion | Spotted CT-5CJ(B) 11175 | -7/Zion | Spotted V3-Q31(B) 11204 | -7/Zion | Identified exit to Proximity Caves 11204 | -7/Zion | Entered Proximity Caves 11261 | -6/Proximity Caves | Discovered exit to Factory (range 11) 11264 | -6/Proximity Caves | Entered Factory 11264 | -6/Factory | Evolved 2 slots: Utility x2 11265 | -6/Factory | Loaded intel: 117 trap records 11289 | -6/Factory | Repaired Mni. Grenade Launcher 11683 | -6/Factory | Build established: Hacker-Scout 11714 | -6/Factory | Fabricated Exp. Sensor Array? 11807 | -6/Factory | Identified exit to Lower Caves 11864 | -6/Factory | Discovered new exit (range 5) 11890 | -6/Factory | Identified exit to Factory 12068 | -6/Factory | Central database locked down 12206 | -6/Factory | Fabricated Exp. Terrain Scan Processor (x1) 12229 | -6/Factory | Discovered exit to Factory (range 22) 12409 | -6/Factory | Fabricated Imp. System Shield? 12497 | -6/Factory | Fabricated Imp. System Shield? 12552 | -6/Factory | Local fabrication network quarantined 12673 | -6/Factory | Entered Lower Caves 13129 | -6/Lower Caves | Encountered a Warlord checkpoint 13208 | -6/Lower Caves | Discovered new exit (range 14) 13224 | -6/Lower Caves | Identified exit to Lower Caves 13231 | -6/Lower Caves | Entered another Lower Caves area 13232 | -6/Lower Caves | Discovered exit to Factory (range 10) 13234 | -6/Lower Caves | Encountered a Warlord checkpoint 13527 | -6/Lower Caves | Discovered new exit (range 11) 13550 | -6/Lower Caves | Identified exit to Data Miner 13571 | -6/Lower Caves | Entered Data Miner 13571 | -6/Data Miner | Discovered new exit (range 6) 13578 | -6/Data Miner | Met Data Miner 13587 | -6/Data Miner | Learned location of Section 7 (-2) 13587 | -6/Data Miner | Acquired the access code to Warlord's prototype stash 13644 | -6/Data Miner | Received God Mode back door access code from Data Miner 13652 | -6/Data Miner | Identified exit to Proximity Caves 13652 | -6/Data Miner | Entered Proximity Caves 13842 | -5/Proximity Caves | Learned Factory terminal intel 13935 | -5/Proximity Caves | Discovered exit to Factory (range 22) 13958 | -5/Proximity Caves | Entered Factory 13958 | -5/Factory | Evolved 2 slots: Utility x2 13959 | -5/Factory | Loaded intel: 21 terminal locations 14177 | -5/Factory | Fabricated P-70 Sage (x2) 14231 | -5/Factory | Fabricated P-70 Sage (x2) 14264 | -5/Factory | Build established: Wizard-Scout 14400 | -5/Factory | Discovered new exit (range 20) 14449 | -5/Factory | Identified exit to Extension 14451 | -5/Factory | Entered Extension 14451 | -5/Extension | Accompanied by 4 allies 14463 | -5/Extension | Rescued a captive Derelict 14589 | -5/Extension | Energy Cycler disabled 14589 | -5/Extension | Rescued a captive Derelict 14593 | -5/Extension | Rescued a captive Derelict 14597 | -5/Extension | Rescued a captive Derelict 14598 | -5/Extension | Rescued a captive Derelict 14618 | -5/Extension | Sage 6a assimilated hostile Y-64 Sentinel 14788 | -5/Extension | Spotted B-75 Beast 14818 | -5/Extension | Discovered new exit (range 17) 14818 | -5/Extension | Allies destroyed B-75 Beast 14819 | -5/Extension | Extracted ID and sensor layout for unrecognized location from A7's data core 14998 | -5/Extension | Discovered new exit (range 24) 14999 | -5/Extension | Discovered new exit (range 20) 15084 | -5/Extension | Identified exit to Factory 15085 | -5/Extension | Identified exit to Cetus 15090 | -5/Extension | Entered Cetus 15090 | -5/Cetus | Accompanied by 12 allies 15137 | -5/Cetus | Spotted Cetus Guard 15138 | -5/Cetus | Spotted Cetus Guard 15138 | -5/Cetus | Spotted Cetus Guard 15145 | -5/Cetus | Allies destroyed Cetus Guard 15150 | -5/Cetus | Allies destroyed Cetus Guard 15159 | -5/Cetus | Allies destroyed Cetus Guard 15246 | -5/Cetus | Discovered new exit (range 15) 15300 | -5/Cetus | Identified exit to Archives 15306 | -5/Cetus | Entered Archives 15306 | -5/Archives | Accompanied by 2 allies 15331 | -5/Archives | Discovered exit to Factory (range 21) 15332 | -5/Archives | Discovered new exit (range 24) 15332 | -5/Archives | Met Zhirov 15334 | -5/Archives | Unable to access archive contents 15338 | -5/Archives | Reinforcements dispatched to Archives 15340 | -5/Archives | Read partially decrypted archive contents 15340 | -5/Archives | Read partially decrypted archive contents 15343 | -5/Archives | Discovered new exit (range 24) 15356 | -5/Archives | Identified exit to Hub_04(d) 15383 | -5/Archives | Reinforcements dispatched to Archives 15389 | -5/Archives | Entered Hub_04(d) 15389 | -5/Hub_04(d) | Accompanied by 1 ally 15485 | -5/Hub_04(d) | Network Hub disabled 15701 | -5/Hub_04(d) | Entered Factory 15701 | -4/Factory | Evolved 2 slots: Power x1, Propulsion x1 16114 | -4/Factory | Repaired Nuclear Pulse Array 16138 | -4/Factory | Repaired Lrn. Terrain Scanner 16193 | -4/Factory | Repaired Centrium Medium Armor Plating 16275 | -4/Factory | Discovered new exit (range 22) 16298 | -4/Factory | Identified exit to Upper Caves 16298 | -4/Factory | Identified exit to Research 16408 | -4/Factory | Fabricated Adv. Hacking Suite (x1) 16472 | -4/Factory | Fabricated Enh. Force Lance (x1) 16538 | -4/Factory | Fabricated Enh. Force Lance (x1) 16556 | -4/Factory | Build established: Wizard-Ninja 16693 | -4/Factory | Local fabrication network quarantined 17172 | -4/Factory | Entered Upper Caves 17222 | -4/Upper Caves | Learned Research stockpile data 17426 | -4/Upper Caves | Attracted the attention of an 0b10 checkpoint 17489 | -4/Upper Caves | Discovered new exit (range 15) 17503 | -4/Upper Caves | Identified exit to Upper Caves 17504 | -4/Upper Caves | Entered another Upper Caves area 17513 | -4/Upper Caves | Discovered exit to Research (range 13) 17571 | -4/Upper Caves | Encountered a Warlord checkpoint 17601 | -4/Upper Caves | Learned Research stockpile data 17666 | -4/Upper Caves | Discovered new exit (range 15) 17696 | -4/Upper Caves | Identified exit to Zhirov 17697 | -4/Upper Caves | Entered Zhirov 17697 | -4/Zhirov | Discovered new exit (range 3) 17717 | -4/Zhirov | Learned location of Quarantine (-2) 17717 | -4/Zhirov | Learned location of Testing (-3) 17717 | -4/Zhirov | Learned location of Command (-1) 17738 | -4/Zhirov | Found Alien Artifact 17738 | -4/Zhirov | Identified Integrated Dissipator 17738 | -4/Zhirov | Installed Integrated Dissipator, increased core heat dissipation (+20) 17746 | -4/Zhirov | Found Alien Artifact 17800 | -4/Zhirov | Identified exit to Proximity Caves 17800 | -4/Zhirov | Entered Proximity Caves 17861 | -3/Proximity Caves | Attracted the attention of an 0b10 checkpoint 18147 | -3/Proximity Caves | Build established: Wizard-Assassin 18433 | -3/Proximity Caves | Received a Behemoth hack from an annoying Tinkerer 18549 | -3/Proximity Caves | Discovered exit to Research (range 22) 18615 | -3/Proximity Caves | Entered Research 18615 | -3/Research | Evolved 2 slots: Utility x2 18775 | -3/Research | Lost 4 parts (1p2n1u) 18914 | -3/Research | Build established: Wizard-Mutant 18955 | -3/Research | Destroyed 8 combat bots 19104 | -3/Research | Spotted B-86 Titan 19224 | -3/Research | Fabricated Exp. Sensor Array? 19317 | -3/Research | Fabricated Exp. Cesium-ion Thruster (x1) 19325 | -3/Research | Local fabrication network quarantined 19365 | -3/Research | First assault squad dispatched 19384 | -3/Research | Incoming assault squad redirected 19466 | -3/Research | Found Enh. Force Lance 19523 | -3/Research | Build established: Wizard-Scout 19647 | -3/Research | Lost 3 parts (1n2u) 19850 | -3/Research | Identified exit to Research 19883 | -3/Research | Identified exit to Armory 19883 | -3/Research | Identified exit to Testing 19936 | -3/Research | Build established: Wizard-Sprinter 19938 | -3/Research | Entered Armory 20258 | -3/Armory | Discovered exit to Research (range 15) 20549 | -3/Armory | Fabricated Lrn. Terrain Scanner (x1) 20620 | -3/Armory | Core integrity fell below 50% 20696 | -3/Armory | Identified Transdimensional Reconstructor 20696 | -3/Armory | Warped through subspace to slip node 20696 | -3/Armory | Discovered new exit (range 1) 20697 | -3/Armory | Entered Lab 20697 | -3/Lab | Discovered exit to Research (range 9) 20703 | -3/Lab | Hidden lab's door opened automatically 20703 | -3/Lab | Sensor layout match revealed 20703 | -3/Lab | Unable to decrypt terminal 20703 | -3/Lab | Opened the door to a hidden lab 20704 | -3/Lab | Gained access to the hidden lab's interior 20707 | -3/Lab | Unable to decrypt terminal 20723 | -3/Lab | Found Prototype Hackware 20723 | -3/Lab | Identified Quantum Router 20726 | -3/Lab | Lost 11 parts (1p4n5u1w) 20726 | -3/Lab | Found Prototype Protection 20726 | -3/Lab | Identified Med. Regenerative Plating 20736 | -3/Lab | Unable to decrypt terminal 20744 | -3/Lab | Found Prototype Special Weapon 20744 | -3/Lab | Identified Gui. Remote Datajack 20772 | -3/Lab | Unable to decrypt terminal 20801 | -3/Lab | Unable to decrypt terminal 20864 | -3/Lab | Unable to decrypt terminal 20898 | -3/Lab | Found Alien Artifact 20898 | -3/Lab | Identified Core Expander 20898 | -3/Lab | Installed Core Expander, added new Power slot 20910 | -3/Lab | Found Alien Artifact 20910 | -3/Lab | Identified Integrated Reactor 20910 | -3/Lab | Installed Integrated Reactor, increased core energy generation (+10) 20932 | -3/Lab | Found Transdimensional Reconstructor 20945 | -3/Lab | Found Prototype Energy Cannon 20945 | -3/Lab | Identified Potential Cannon 21024 | -3/Lab | Build established: Wizard-Mutant 21083 | -3/Lab | Found Alien Artifact 21083 | -3/Lab | Identified Core Reset Matrix 21083 | -3/Lab | Used Core Reset Matrix 21087 | -3/Lab | Emitted hypermatrix ping 21092 | -3/Lab | Assembled emerged from beneath the floor 21092 | -3/Lab | Detected by scanners 21170 | -3/Lab | Discovered exit to Research (range 8) 21172 | -3/Lab | Confronted by A5 21215 | -3/Lab | Destroyed A5 21263 | -3/Lab | Unable to decrypt terminal 21350 | -3/Lab | Unable to decrypt terminal 21359 | -3/Lab | Entered Research 21359 | -2/Research | Accompanied by 1 ally 21359 | -2/Research | Evolved 2 slots: Utility x2 21580 | -2/Research | Identified exit to Quarantine 21788 | -2/Research | Crushed by falling debris 21819 | -2/Research | Lost 3 parts (2u1w) 21936 | -2/Research | System corruption reached 10% 21947 | -2/Research | Warped through subspace 21977 | -2/Research | Lost 7 parts (1p1n4u1w) 22234 | -2/Research | Build established: Hacker-Mutant 22417 | -2/Research | System corruption reached 30% 22418 | -2/Research | Core integrity fell below 50% 22434 | -2/Research | Emitted hypermatrix ping 22439 | -2/Research | Assembled emerged from beneath the floor 22465 | -2/Research | Core integrity fell below 20% 22498 | -2/Research | Destroyed by G-73 Enforcer with Heavy Laser Last Messages --------------- 22462_ System corrupted by crushing effect (+4). 22463_ Acquired 65 matter. 22465_ Acquired Gamma Rifle. 22465_ K-01 Serf collects debris. 22467_ P-80 Master resets G-73 Enforcer, system corruption cleaned. 22468_ K-01 Serf collects debris. 22469_ P-80 Master resets G-73 Enforcer, system corruption cleaned. 22469_ System corrupted: Gamma Rifle targeting data glitched. 22471_ System corrupted: Heat flow error (+130). 22471_ System corrupted: Gamma Rifle targeting data glitched. 22472_ Gamma Rifle destroyed. 22472_ System corrupted by crushing effect (+5). 22472_ K-01 Serf collects debris. 22473_ G-73 Enforcer overheating. 22473_ Myomer Leg destroyed. 22474_ Acquired 20 matter. 22475_ K-01 Serf collects debris. 22478_ U-05 Engineer lays Concrete. 22479_ K-01 Serf collects debris. 22486_ System corrupted: Matter fused (-10). Map ----- +----------------------------------------------------+ | ####### #T + #??# | | % #"" # #??# | | !%* u #"" # #??# | | #"" # #??# | | # # #??####### | | ! # / #????##### | | ! " ######## ######### t #????# " | | ** F "" # # ####### #????# "" | | # ### ! """ # # ###### "" | | # #?# %% # / + | | # #?# % # ! # ^ ###### | | # #?#% % %= # *%[# ##+########????# | | #+####+######## # ! ######## #??????# | | # % ## # #??????# #??????# | | # % ## # #??????# T #??######### | | # ##b # #??????# #??# # | | # """ ##g ######??????#! #??# # | | # """ ## #???????????# #??# # | | # """ ## #???????????########??# + | | # """ ## ############??????????# # | | # """ ## ############??????????# # | | # """ || ## ###"""""""##??????????###?#### | | # | ## ###"" """"##????????????# #??# | | # | ## ###" "##????????????# #??# | | # ## ###"" > ""##????????????# #??# | | ############### ###"" @ ""##????????????# #??# | | ??????????????# ### ###############?##?# | | ??????????????# #""" """## # #?# | | ??????????????# ### #### # #?# | | ??????????????# #""" """## "" # #?# | | ??????????????# ### ###?????????????????? | | ??????????????# #""" """#?????????????????? | | ??????????????# ### T###?????????????????? | | ??????????????# #####g ###???????????????????? | | ??????????????# g #?????????????????????? | | ??????????????# #?????????????????????? | | ??????????????# #?????????????????????? | | ????????? ?????????????????? | | ??????? ??????????????? | | ?????? ????????????? | | ???????######+######################?????????????? | | ?????????????????????????????????????????????????? | | ?????????????????????????????????????????????????? | | ?????????????????????????????????????????????????? | | ?????????????????????????????????????????????????? | | ?????????????????????????????????????????????????? | | ?????????????????????????????????????????????????? | | ?????????????????????????????????????????????????? | | ?????????????????????????????????????????????????? | | ?????????????????????????????????????????????????? | +----------------------------------------------------+ Best States ------------- Heat Dissipation 107 Energy Generation 55 Energy Capacity 660 Matter Stores 300 Matter Capacity 300 Sight Range 16 Robot Scan Range 30 Terrain Scan Range 24 Terrain Scan Density 1010 Cloak Strength 3 Power Amplification 40 Armor Coverage 600 Propulsion Shielding 66 Utility Shielding 66 Melee Speed Boost 20 Phase Shifting 10 Evasion (%) 77 Target Analysis 8 Core Analysis 10 Recoil Reduction 3 Salvage Targeting 4 Offensive Hacking 54 Defensive Hacking 49 Item Schematics ----------------- None Robot Schematics ------------------ None Fabricated ------------ Lrn. Sensor Array | x1 | -7/Factory Exp. Sensor Array | x1 | -6/Factory Exp. Terrain Scan Processor | x1 | -6/Factory Imp. System Shield | x1 | -6/Factory Imp. System Shield | x1 | -6/Factory P-70 Sage | x2 | -5/Factory P-70 Sage | x2 | -5/Factory Adv. Hacking Suite | x1 | -4/Factory Enh. Force Lance | x1 | -4/Factory Enh. Force Lance | x1 | -4/Factory Exp. Sensor Array | x1 | -3/Research Exp. Cesium-ion Thruster | x1 | -3/Research Lrn. Terrain Scanner | x1 | -3/Armory Alien Tech Used ----------------- Integrated Dissipator Transdimensional Reconstructor Core Expander Integrated Reactor Core Reset Matrix Achievements -------------- None Challenges ------------ None Game ------ Seed MolecularAssaultProcessor Manual? 0 Play Time 04:16:41 Cumulative 186.5 hours Start 2020.09.28 @ 14:33:18 End 2020.09.28 @ 19:30:15 Sessions 1 Manual Loads 0 Difficulty Rogue Special Mode None Game No. 169 Rogue 108 Adventurer 61 Explorer 0 Win Type - Total 9 Types 7/0/2/0/0/0/0/0/0 Lore% 48 Gallery% 76 Achievement% 59 Wizard Run 0 Options --------- ASCII 0 Keyboard 0 Movement Mouse Keybinds 0 Fullscreen 2 Font 24/Proggy Map View 76x50 Tactical HUD 1 Map Filters NONE Filters NONE Steam 1 RUN: 7a16f388-7dce-4e4c-a5e0-0b2e5c94fe58